 Dungeon Crawl Stone Soup version 0.18-a0-1778-gadce9fa (webtiles) character file.

12586 Moloch the Fencer (level 11, -2/99 HPs)
             Began as a Minotaur Fighter on Apr 16, 2016.
             Was a Priest of Okawaru.
             Slain by an ettin
             ... wielding a +0 dire flail
              (28 damage)
             ... on level 1 of the Orcish Mines.
             The game lasted 02:25:21 (11435 turns).

Moloch the Fencer (Minotaur Fighter)               Turns: 11435, Time: 02:25:21

Health: -2/99      AC: 17    Str: 21    XL:     11   Next: 64%
Magic:  8/10       EV: 13    Int:  5    God:    Okawaru [***...]
Gold:   698        SH: 19    Dex: 18    Spells: 0 memorised, 10 levels left

rFire  + . .     SeeInvis +     d - +0 scimitar (flame)
rCold  . . .     Gourm    .     g - +4 chain mail {rF+}
rNeg   . . .     Faith    .     O - +3 buckler "Kunolebew" {Dex+5}
rPois  +         Spirit   .     (helmet restricted)
rElec  .         Dismiss  .     (no cloak)
rCorr  .         Reflect  +     A - +0 pair of gloves
SustAt .         Harm     .     (no boots)
MR     .....                    L - brooch of Shielding {Reflect SH+8}
Stlth  ..........               E - ring of poison resistance
                                x - ring of see invisible

@: heroism, not resistant to hostile enchantments, extremely unstealthy
A: retaliatory headbutt, horns 2
a: Heroism, Renounce Religion


You were on level 1 of the Orcish Mines.
You worshipped Okawaru.
Okawaru was most pleased with you.
You were not hungry.

You visited 3 branches of the dungeon, and saw 12 of its levels.
You also visited: Volcano.

You collected 992 gold pieces.
You spent 294 gold pieces at shops.

Inventory:

Hand Weapons
 d - a +0 scimitar of flaming (weapon)
Armour
 g - a +4 chain mail of fire resistance (worn)
 q - a +3 chain mail of cold resistance
 A - a +0 pair of gloves (worn)
 O - the +3 buckler "Kunolebew" (worn) {Dex+5}
   (You found it on level 9 of the Dungeon)

   It affects your dexterity (+5).
Jewellery
 x - a ring of see invisible (left hand)
 E - a ring of poison resistance (right hand)
 J - an uncursed ring of fire
 L - the brooch of Shielding (around neck) {Reflect SH+8}
   (You took it off a gnoll sergeant on level 8 of the Dungeon)

   [amulet of reflection]

   It shields you and reflects attacks.
   It affects your SH (+8).
Wands
 t - a wand of teleportation (4/9)
 F - a wand of digging (7/24)
Scrolls
 b - a scroll of magic mapping
 e - 4 scrolls of teleportation {unknown}
 h - 3 scrolls of noise {unknown}
 m - 3 scrolls of fog {unknown}
 o - a scroll of enchant armour
 r - 3 scrolls of enchant weapon
 u - a scroll of random uselessness {unknown}
 v - 4 scrolls of immolation {unknown}
 y - 2 scrolls of recharging {unknown}
 G - a scroll of torment {unknown}
 K - a scroll of remove curse
Potions
 a - a potion of berserk rage {unknown}
 l - 2 potions of mutation {unknown}
 n - 4 potions of curing
 p - a potion of flight
 s - 2 potions of agility
 w - 2 potions of cure mutation
 z - 2 potions of brilliance
 C - a potion of cancellation {unknown}
 H - a potion of invisibility {unknown}
 I - a potion of ambrosia
Comestibles
 c - 7 royal jellies
 f - 7 bread rations
 i - 3 meat rations
 j - 6 chunks of flesh
 k - 7 fruits


   Skills:
 + Level 10.0(15.0) Fighting
 + Level 17.4(22.4) Long Blades
 * Level 5.6(10.6) Armour
 * Level 2.6(7.6) Dodging
 - Level 7.2(12.2) Shields


You had 10 spell levels left.
You didn't know any spells.

Dungeon Overview and Level Annotations

Branches:
Dungeon (9/15)             Temple (1/1) D:6             Orc (2/2) D:9
   Lair: D:8-11         Elf: Orc:2

Altars:
Ashenzari
Cheibriados
Dithmenos
Elyvilon
Fedhas
Gozag
Kikubaaqudgha
Makhleb
Nemelex Xobeh
Okawaru
Pakellas
Qazlal
Ru
Sif Muna
Trog
Vehumet
Xom
Yredelemnul
Zin
The Shining One

Shops:
Orc:1 ?


Innate Abilities, Weirdness & Mutations

You reflexively headbutt those who attack you in melee.
You have a pair of horns on your head.


Message History

You gain the combat prowess of a mighty hero.
You feel slightly more hungry. The ettin barely misses you.
You furiously retaliate!
You headbutt the ettin! You block the ettin's attack.
Unknown command.
You hit the ettin. You burn the ettin. You headbutt the ettin.
The ettin is moderately wounded.
The ettin hits you with a dire flail! The ettin hits you with a dire flail!!
You hit the ettin. You burn the ettin. You headbutt the ettin!
The ettin is heavily wounded.
The ettin hits you with a dire flail!
* * * LOW HITPOINT WARNING * * *
You block the ettin's attack.
You are too injured to fight recklessly!
You are too injured to fight recklessly!
You hit the ettin. You burn the ettin. Your headbutt misses the ettin.
The ettin is severely wounded.
You slash the ettin! You burn the ettin.
The ettin is almost dead.
You block the ettin's attack. The ettin hits you with a dire flail!!
You die...

##.##...## ##[##
#........# ##[)##
##.......##### #..)<#
##.......##.## ##...##
##.....##...###....##
##..............#....#
#.................#.##
##..................##
##.#.#....@#.........#
#.......)..C........##
##.#.#..)...........##
##...###.#..>.........###
#....#####..............##
#.....# #.....#.###.....#
#....## ##...#### ###..##
##....# ##...######...##
#....## ##.###..##....##


You could see an ettin.

Vanquished Creatures
  An ogre mage (Orc:2)
  A hydra (D:9)
  2 molten gargoyles (Volcano)
  A gargoyle (Volcano)
  An efreet (Volcano)
  3 trolls
  A queen bee (D:9)
  4 two-headed ogres
  A wyvern (D:9)
  A fire elemental (Volcano)
  5 fire bats
  Edmund (D:5)
  3 wargs (Orc:1)
  10 orc warriors
  An ice beast (D:6)
  2 phantoms
  3 black bears (D:8)
  A necrophage (D:9)
  2 centaurs (D:8)
  16 ogres
  A big kobold (D:9)
  An earth elemental (Volcano)
  2 giant frogs
  A gnoll sergeant (D:8)
  3 scorpions
  16 killer bees
  2 jellies
  3 wights (D:6)
  5 howler monkeys
  3 electric eels (D:9)
  4 crimson imps
  6 lava snakes (Volcano)
  2 giant frog zombies
  A centaur zombie (D:6)
  2 quasits
  15 orc priests
  2 hounds (D:4)
  20 orc wizards
  2 giant frog skeletons
  2 iguanas
  Ijyb (D:2)
  Terence (D:2)
  6 worker ants
  A hound skeleton (D:8)
  A worker ant zombie (D:8)
  6 gnolls
  12 adders
  5 shadow imps
  3 oozes
  4 worms
  A dart slug (D:1)
  6 giant geckos
  49 orcs
  5 bats
  5 giant cockroaches
  8 goblins
  10 hobgoblins
  12 jackals
  13 kobolds
  2 quokkas (D:3)
  3 ball pythons
  A ball python zombie (D:6)
  5 giant newts
  A jackal skeleton (D:4)
  9 rats
  A fire vortex (Volcano)
324 creatures vanquished.

Vanquished Creatures (others)
  A jelly (D:9)
1 creature vanquished.

Grand Total: 325 creatures vanquished

Notes
Turn   | Place    | Note
--------------------------------------------------------------
     0 | D:1      | Moloch the Minotaur Fighter began the quest for the Orb.
     0 | D:1      | Reached XP level 1. HP: 19/19 MP: 0/0
   142 | D:1      | Reached skill level 3 in Long Blades
   200 | D:1      | Reached XP level 2. HP: 23/26 MP: 1/1
   501 | D:2      | Reached skill level 4 in Long Blades
   510 | D:2      | Noticed Ijyb
   515 | D:2      | Killed Ijyb
   515 | D:2      | Reached XP level 3. HP: 31/31 MP: 2/2
   635 | D:2      | Reached skill level 5 in Long Blades
   718 | D:2      | Found a bloodstained altar of Trog.
   906 | D:2      | Reached XP level 4. HP: 39/39 MP: 3/3
  1077 | D:2      | Noticed Terence
  1095 | D:2      | Killed Terence
  1467 | D:3      | Reached skill level 6 in Long Blades
  1574 | D:3      | Reached XP level 5. HP: 36/45 MP: 4/4
  1639 | D:3      | Reached skill level 7 in Long Blades
  2170 | D:4      | Reached XP level 6. HP: 51/51 MP: 5/5
  2306 | D:4      | Reached skill level 8 in Long Blades
  2692 | D:4      | Reached skill level 9 in Long Blades
  2850 | D:4      | Reached XP level 7. HP: 52/57 MP: 6/6
  2897 | D:5      | Entered Level 5 of the Dungeon
  2957 | D:5      | Noticed Edmund
  2973 | D:5      | Killed Edmund
  3024 | D:5      | Found a stormy altar of Qazlal.
  3026 | D:5      | Found a shattered altar of Ashenzari.
  3064 | D:5      | Reached skill level 10 in Long Blades
  3370 | D:5      | Found a white marble altar of Elyvilon.
  3459 | D:5      | Got a bloodstained leather armour
  3578 | D:5      | Identified the cursed +0 leather armour of the Harp {MP-9 Int+9 Dex+2 Stlth+} (You found it on level 5 of the Dungeon)
  3718 | D:6      | Reached skill level 11 in Long Blades
  3744 | D:6      | Reached XP level 8. HP: 58/64 MP: 7/7
  3753 | D:6      | Found a shadowy altar of Dithmenos.
  4135 | D:6      | Reached skill level 12 in Long Blades
  4227 | D:6      | Found a basalt altar of Yredelemnul.
  4233 | D:6      | Found a shimmering altar of Xom.
  4235 | D:6      | Found an oddly glowing altar of Pakellas.
  4235 | D:6      | Found an opulent altar of Gozag.
  4242 | D:6      | Found a snail-covered altar of Cheibriados.
  4245 | D:6      | Found a burning altar of Makhleb.
  4395 | D:6      | Found a sacrificial altar of Ru.
  4485 | D:6      | Found a staircase to the Ecumenical Temple.
  4491 | Temple   | Entered the Ecumenical Temple
  4683 | D:7      | Reached skill level 13 in Long Blades
  5190 | D:8      | Found a deep blue altar of Sif Muna.
  5210 | D:8      | Reached XP level 9. HP: 71/71 MP: 8/8
  5353 | D:8      | Reached skill level 14 in Long Blades
  6013 | D:9      | Noticed a seven-headed hydra
  6013 | D:9      | Reached skill level 5 in Fighting
  6402 | D:8      | Reached skill level 15 in Long Blades
  6406 | D:8      | HP: 1/74 [killer bee (4)]
  7186 | D:9      | Noticed a queen bee
  7200 | D:9      | Killed a queen bee
  7200 | D:9      | Reached XP level 10. HP: 72/84 MP: 9/9
  7536 | D:9      | Killed a 12-headed hydra
  7902 | D:9      | Reached skill level 16 in Long Blades
  8025 | D:9      | Found an iron altar of Okawaru.
  8097 | D:9      | Became a worshipper of Warmaster Okawaru
  8523 | D:9      | Got a shimmering buckler
  8534 | D:9      | Identified the +3 buckler "Kunolebew" {Dex+5} (You found it on level 9 of the Dungeon)
  8605 | D:9      | Found a glowing golden altar of the Shining One.
  8861 | D:9      | Found a staircase to the Orcish Mines.
  8954 | Orc:1    | Entered Level 1 of the Orcish Mines
  9053 | Orc:1    | Reached * piety under Okawaru
  9255 | Orc:1    | Found a dark tunnel.
  9312 | Orc:1    | Reached ** piety under Okawaru
  9312 | Orc:1    | Reached skill level 5 in Shields
  9345 | Volcano  | Entered a volcano
  9601 | Volcano  | Found a bloodstained altar of Trog.
  9610 | Volcano  | Reached XP level 11. HP: 43/97 MP: 7/10
 10286 | Orc:1    | Reached skill level 17 in Long Blades
 10629 | Orc:1    | Found Qocw's Magic Scroll Emporium.
 10654 | Orc:1    | Bought a scroll of enchant armour for 105 gold pieces
 10654 | Orc:1    | Bought a scroll of enchant weapon for 105 gold pieces
 10654 | Orc:1    | Bought a scroll of identify for 28 gold pieces
 10654 | Orc:1    | Bought a scroll of identify for 28 gold pieces
 10654 | Orc:1    | Bought a scroll of identify for 28 gold pieces
 10797 | Orc:2    | Entered Level 2 of the Orcish Mines
 10805 | Orc:2    | Noticed an ogre mage
 11082 | Orc:2    | Noticed an ogre mage
 11098 | Orc:2    | Reached *** piety under Okawaru
 11098 | Orc:2    | Reached skill level 1 in Dodging
 11099 | Orc:2    | Noticed an ogre mage
 11108 | Orc:2    | Killed an ogre mage
 11108 | Orc:2    | Reached skill level 5 in Armour
 11364 | Orc:1    | Reached skill level 10 in Fighting
 11405 | Orc:2    | Noticed an ettin
 11435 | Orc:1    | Slain by an ettin

Vault maps used:
D:1:      mrwooster_arrival_statue_2, serial_bayou_pond_c, serial_bayou_ford_a
D:2:      lemuel_coloured_pillars_altar, uniq_iyjb, uniq_terence
D:4:      kennysheep_generic_room_10
D:5:      elyvilon_altar_4, nicolae_overflow_hidden_temple, first_bread,
          nrook_mini_backslash, uniq_edmund
D:6:      grunt_dithmenos_shadows, kennysheep_mini, minitemple,
          minmay_temple_entry_enclosed_plants, hangedman_abyss_or_decor_stagger,
          kennysheep_cluttered_room
D:8:      lemuel_round_altar, minmay_misc_feat_encased
D:9:      kennysheep_little_box, erik_orc_2, basic_altar, david_nohive_1
Temple:   circular_temple_6
Orc:1:    serial_shops, shop_statue, nicolae_volcano_entry_batcave
Orc:2:    st_orc_ogre_mass
Volcano:  volcano_grotto

Skill      XL: |  1  2  3  4  5  6  7  8  9 10 11 |
---------------+----------------------------------+-----
Long Blades    | 3 4 5 6 7 9 11 13 15 16 17 | 17.4
Fighting       | 6 9 10 | 10.0
Shields        | 5 7 |  7.2
Armour         | 5 |  5.6
Dodging        | 2 |  2.6

Action                   |  1- 3 |  4- 6 |  7- 9 | 10-12 || total
-------------------------+-------+-------+-------+-------++-------
Melee: Long sword        |    98 |   208 |   471 |   333 ||  1110
       Headbutt          |    18 |    26 |    75 |    95 ||   214
       Scimitar          |       |       |       |   132 ||   132
Invok: Heroism           |       |       |       |     5 ||     5
Evoke: Wand              |       |       |     2 |    14 ||    16
  Use: Scroll            |       |     3 |     5 |     5 ||    13
       Potion            |       |       |     4 |     7 ||    11
  Eat: Chunk             |       |     7 |    11 |    13 ||    31
       Beef jerky        |       |       |     1 |       ||     1
       Fruit             |       |       |       |     3 ||     3
Armor: Chain mail        |    72 |   109 |   223 |   104 ||   508
Dodge: Dodged            |    22 |    36 |    93 |    76 ||   227
Block: Shield            |    61 |    98 |   224 |   127 ||   510
       Buckler           |       |       |       |   221 ||   221
       Reflection        |       |       |       |    17 ||    17
